 Dungeon Crawl Stone Soup version 0.24.0-125-gc4c63601f3 (webtiles) character file.

Game seed: 10894048067412823315, levelgen mode: deterministic

91 Johnny the Poker (level 4, 0/36 HPs)
             Began as a Demigod Gladiator on Feb 17, 2020.
             Slain by Grinder (6 damage)
             ... on level 3 of the Dungeon.
             The game lasted 00:01:53 (1626 turns).

Johnny the Poker (Demigod Gladiator)                Turns: 1626, Time: 00:01:53

Health: 0/36       AC:  9    Str: 19    XL:     4   Next: 11%
Magic:  15/15      EV: 11    Int: 12    God:
Gold:   108        SH:  0    Dex: 17    Spells: 3/3 levels left

rFire    . . .     SeeInvis .   a - +0 trident
rCold    + . .     Gourm    .   (no shield)
rNeg     . . .     Faith    .   p - +1 scale mail {rC+}
rPois    .         Spirit   .   o - +2 hat
rElec    .         Reflect  .   (no cloak)
rCorr    .         Harm     .   (no gloves)
MR       .....                  (no boots)
Stlth    ..........             (no amulet)
HPRegen  0.12/turn              k - ring of magical power
MPRegen  0.14/turn              g - ring of attention (curse)

@: no status effects
A: blurry vision 1, high mp 1, MP-powered wands
a: no special abilities


You were on level 3 of the Dungeon.
You were not hungry.

You visited 1 branch of the dungeon, and saw 3 of its levels.

You collected 108 gold pieces.

Inventory:

Hand Weapons
 a - a +0 trident (weapon)
 e - a +1 flail of protection
Missiles
 d - 2 throwing nets (quivered)
Armour
 o - a +2 hat (worn)
 p - a +1 scale mail of cold resistance (worn)
Jewellery
 g - a cursed ring of attention (right hand)
 h - a cursed ring of attention
 k - a ring of magical power (left hand)
Scrolls
 b - 2 scrolls of remove curse {unknown}
 c - a scroll of enchant armour {unknown}
 i - a scroll of teleportation {unknown}
 n - 2 scrolls of identify {unknown}
Potions
 j - a potion of haste
 l - a potion of curing
 m - a potion of flight
 q - a potion of agility {unknown}
Comestibles
 f - 6 rations
 r - a chunk of flesh


   Skills:
 - Level 1.7 Fighting
 * Level 4.7 Polearms
 - Level 1.7 Throwing
 - Level 2.6 Dodging


You had 3 spell levels left.
You didn't know any spells.
Your spell library contained the following spells:

 Spells                   Type           Power        Failure   Level  Hunger
 Corona                   Hex            #......      71%         1    ##.....
 Ensorcelled Hibernation  Hex/Ice        #.....       85%         2    ###....
 Confuse                  Hex            #.......     97%         3    ####...
 Dazzling Spray           Conj/Hex       #.....       97%         3    ####...
 Tukima's Dance           Hex            #.......     97%         3    ####...


Dungeon Overview and Level Annotations

Branches:
Dungeon (3/15)

Annotations:
D:3 Grinder


Innate Abilities, Weirdness & Mutations

You have an increased reservoir of magic. (+10% MP)
Scrolls take you a little longer to read.
You expend magic power (3 MP) to strengthen your wands.


Message History

You are too injured to fight recklessly!
You are too injured to fight recklessly!
You are too injured to fight recklessly!
You are too injured to fight recklessly!
You are too injured to fight recklessly!
You are too injured to fight recklessly!
You are too injured to fight recklessly!
You are too injured to fight recklessly!
It was a potion of curing.
You feel better. Grinder hits you.
* * * LOW HITPOINT WARNING * * *
You writhe in agony.
* * * LOW HITPOINT WARNING * * *
Unknown command.
Okay, then.
Throwing (i - inventory)
d - 3 throwing nets (quivered)
Press: ? - help, Shift-Dir - straight line, f - Grinder
Aim: Grinder (heavily wounded)
You throw a throwing net. The throwing net barely misses Grinder.
Grinder hits you.
You die...

#.# # $..
#.#####.########.
#................
##..#....#........
+.................
#.............##.
#(.(.5@.†<.......
#...###!.........
#. #.#.##.....
...#... ....
....#......#.
......#...?..#
............#
............#


You could see Grinder.

Vanquished Creatures
  A gnoll (D:1)
  An adder (D:2)
  An ooze (D:1)
  2 worms (D:2)
  3 dart slugs (D:2)
  A leopard gecko (D:1)
  A ball python (D:1)
  8 bats
  A bat zombie (D:1)
  4 giant cockroaches
  4 goblins
  6 hobgoblins
  6 jackals
  6 kobolds
  A ball python zombie (D:1)
  2 frilled lizards
  2 rats
50 creatures vanquished.

Notes
Turn   | Place    | Note
-------+----------+-------------------------------------------
     0 | D:1      | Johnny the Demigod Gladiator began the quest for the Orb.
     0 | D:1      | Reached XP level 1. HP: 17/17 MP: 3/3
    67 | D:1      | Reached skill level 3 in Polearms
    78 | D:1      | Reached XP level 2. HP: 24/24 MP: 4/4
   240 | D:1      | Gained mutation: Scrolls take you a little longer to read.
                  | [potion of mutation]
   240 | D:1      | Gained mutation: You expend magic power (3 MP) to
                  | strengthen your wands. [potion of mutation]
   265 | D:1      | Reached XP level 3. HP: 20/29 MP: 5/5
   290 | D:1      | Reached skill level 4 in Polearms
  1523 | D:2      | Reached XP level 4. HP: 36/36 MP: 6/6
  1614 | D:3      | Noticed Grinder
  1626 | D:3      | Slain by Grinder

Levels and vault maps discovered:
D:1:      saegor_arrival_fortress, layout_loops_ring, minmay_small_reverse_x
D:2:      layout_rooms, grunt_ministairs_2
D:3:      layout_basic, grunt_temple_overflow_open, first_ration,
          minmay_increasing_density, uniq_ijyb, uniq_grinder, uniq_sigmund

Skill      XL: |  1  2  3 |
---------------+----------+-----
Polearms       | 3 4 |  4.7
Fighting       | |  1.7
Throwing       | |  1.7
Dodging        | |  2.6

Action                   |  1- 3 |  4- 6 || total
-------------------------+-------+-------++-------
Melee: Trident           |   161 |    11 ||   172
Throw: Throwing net      |       |     1 ||     1
  Use: Potion            |     5 |     1 ||     6
 Stab: Sleeping          |     4 |       ||     4
  Eat: Chunk             |     2 |       ||     2
Armor: Leather armour    |    31 |       ||    31
       Scale mail        |     4 |     5 ||     9
Dodge: Dodged            |    96 |     1 ||    97
